cohdb
Replays
Latest Replays
All Replays
Popular Replays
Top Player Replays
Match Explorer
How It Works
Community
CoH3 Stats
Reddit
Sign in to upload your games and track your stats! →
Sign in with Steam
Match 45850734
Unlisted
Match 45850734
Overview
Messages
Build Orders
End
Kettenkrad Recon Vehicle
Construct Infanterie Kompanie
MG 42 Machine Gun Team
Selects Terror Battlegroup
Selects Machine Gun Camouflage
Grenadier Squad
Grenadier Squad
Construct Panzergrenadier Kompanie
251 Medium Carrier
Panzergrenadier Squad
Panzergrenadier Squad
Construct Panzer Kompanie
Medical Station
Pak 40 Anti-tank Gun Team
Selects Contempt for the Weak
Selects Jericho Trumpet
Panzer IV Medium Tank
Jericho Trumpet
Panzer IV Medium Tank
Jericho Trumpet
Side Skirts
Selects V1 Rocket Strike
V1 Rocket Strike
Tek
Adult Asthma Is A Choice
That Animal Blundetto
J1odge
FireFang
guludu
j-dude117
hepelaion
0
0
Comments
sign in to comment!
No comments posted yet!